[Event "RUS-ch Rapid 2021"]
[Site "Sochi"]
[Date "2021.10.12"]
[Round "4.24"]
[White "Vlassow, Valentin"]
[Black "Iljiushenok, Ilia"]
[Result "0-1"]
[ECO "B51"]
[WhiteElo "2238"]
[BlackElo "2554"]
[Annotator "ChessBase"]
[PlyCount "106"]
[EventDate "2021.10.12"]
[EventType "swiss"]
[EventCountry "RUS"]
[SourceTitle "playchess.com"]
[Source "ChessBase"]
[SourceQuality "1"]
[TimeControl "900+10"]

1. e4 c5 2. Nf3 d6 3. Bb5+ Nd7 4. d4 cxd4 5. Qxd4 a6 6. Bxd7+ Bxd7 7. Nc3 h6 8. Be3 e6 9. O-O-O Bc6 10. Qb6 Nf6 11. Rhe1 Be7 12. Qxd8+ Rxd8 13. e5 Ng4 14. Bb6 Rd7 15. exd6 Bxd6 16. h3 Nf6 17. Rd4 Ke7 18. Red1 Bxf3 19. gxf3 Rc8 20. Ne4 Nd5 21. Nxd6 Rxd6 22. Ba5 Rdc6 23. c3 Rc4 24. a3 Kf6 25. Bd8+ Kf5 26. Bh4 g5 27. Bg3 h5 28. h4 f6 29. Kc2 b5 30. Kb3 R8c5 31. Bd6 Rc6 32. Bg3 a5 33. R1d2 a4+ 34. Kc2 Rxd4 35. Rxd4 Rc4 36. Kd3 Nf4+ 37. Ke3 Ng2+ 38. Kd3 gxh4 39. Bh2 Ne1+ 40. Ke2 Rxd4 41. cxd4 Ng2 42. Kd3 Nf4+ 43. Ke3 Nd5+ 44. Kd3 h3 45. Bg3 h4 46. Bh2 Nb6 47. Kc3 Nc4 48.
Kc2 e5 49. Kc3 exd4+ 50. Kxd4 Nxb2 51. Kc5 Nc4 52. Kxb5 Nxa3+ 53. Kxa4 Nc4 0-1

[Event "RUS-ch Rapid 2021"]
[Site "Sochi"]
[Date "2021.10.12"]
[Round "5.7"]
[White "Petrov, Nikita"]
[Black "Bologan, Victor"]
[Result "1/2-1/2"]
[ECO "E94"]
[WhiteElo "2539"]
[BlackElo "2574"]
[Annotator "ChessBase"]
[PlyCount "114"]
[EventDate "2021.10.12"]
[EventType "swiss"]
[EventCountry "RUS"]
[SourceTitle "playchess.com"]
[Source "ChessBase"]
[SourceQuality "1"]
[TimeControl "900+10"]

1. d4 Nf6 2. c4 d6 3. Nc3 Nbd7 4. Nf3 g6 5. e4 e5 6. Be2 Bg7 7. O-O O-O 8.
Be3 Re8 9. d5 Nh5 10. g3 Bf8 11. Ne1 Ng7 12. Nd3 f5 13. f3 a5 14. Qd2 b6 15. Rae1 Be7 16. Bd1 Ba6 17. b3 Nf6 18. exf5 Nxf5 19. Bf2 Bf8 20.
g4 Nd4 21. f4 Nd7 22. Ne4 Bg7 23. Bxd4 exd4 24. g5 b5 25. cxb5 Bxb5 26. Bg4 Nf8 27. f5 gxf5 28. Bxf5 a4 29. b4 Kh8 30. Rf3 c6 31. dxc6 Bxc6 32.
Qf4 Ra7 33. Rff1 d5 34. Nec5 Rf7 35. Rxe8 Qxe8 36. Re1 Re7 37. Rxe7 Qxe7 38. Kf2 a3 39. h4 Bb5 40. h5 h6 41. gxh6 Bf6 42. Qf3 Bc4 43. Nf4 Qe5 44. Bd3 Qe3+ 45. Qxe3 dxe3+ 46. Kxe3 Bxa2 47. Ng6+ Nxg6 48. hxg6 Bg5+ 49. Kd4 Bxh6 50.
Ne6 Bd2 51. b5 Ba5 52. Kc5 Bc4 53. Bb1 a2 54. Bxa2 Bxa2 55. b6 Bxb6+ 56. Kxb6 Kg8 57. Kc5 Bb1 1/2-1/2

[Event "RUS-ch Rapid 2021"]
[Site "Sochi"]
[Date "2021.10.12"]
[Round "5.8"]
[White "Tsydypov, Zhamsaran"]
[Black "Nesterov, Arseniy"]
[Result "1-0"]
[ECO "C65"]
[WhiteElo "2526"]
[BlackElo "2514"]
[Annotator "ChessBase"]
[PlyCount "83"]
[EventDate "2021.10.12"]
[EventType "swiss"]
[EventCountry "RUS"]
[SourceTitle "playchess.com"]
[Source "ChessBase"]
[SourceQuality "1"]
[TimeControl "900+10"]

1. e4 e5 2. Nf3 Nc6 3. Bb5 Nf6 4. d3 Bc5 5. c3 O-O 6. O-O d6 7. Nbd2 Bb6 8. Ba4 Ne7 9. h3 Ng6 10. Re1 c6 11. d4 h6 12. b4 Be6 13.
Bb2 Nf4 14. Re3 Bxh3 15. gxh3 Nxh3+ 16. Kf1 Ng4 17. Re2 f5 18. Bb3+ Kh8 19. exf5 Rxf5 20. Be6 Nhxf2 21. Bxf5 Nxd1 22. Rxd1 Nf6 23. dxe5 Nh5 24. Ne4 d5 25. Rh2 Qe8 26. Nd6 Ng3+ 27. Kg2 Nxf5 28. Nxe8 Ne3+ 29. Kg3 Nxd1 30. Nd6 Rf8 31. Re2 Ne3 32. Bc1 Nf5+ 33. Nxf5 Rxf5 34. e6 Rf8 35. e7 Re8 36. Bf4 Kg8 37. Bd6 Kf7 38. Nd4 Bxd4 39. cxd4 b6 40. Rf2+ Ke6 41. Rf8 Kd7 42. Kf4 1-0

[Event "RUS-ch Rapid 2021"]
[Site "Sochi"]
[Date "2021.10.12"]
[Round "5.9"]
[White "Kokarev, Dmitry"]
[Black "Zubritskiy, Artyom"]
[Result "1/2-1/2"]
[ECO "B29"]
[WhiteElo "2579"]
[BlackElo "2442"]
[Annotator "ChessBase"]
[PlyCount "52"]
[EventDate "2021.10.12"]
[EventType "swiss"]
[EventCountry "RUS"]
[SourceTitle "playchess.com"]
[Source "ChessBase"]
[SourceQuality "1"]
[TimeControl "900+10"]

1. e4 c5 2. Nf3 Nf6 3. e5 Nd5 4. Nc3 e6 5. Nxd5 exd5 6. d4 Nc6 7. dxc5 Bxc5 8. Qxd5 d6 9. exd6 Qb6 10. Qe4+ Be6 11. Qh4 f6 12. Bd3 g5 13. Qh5+ Bf7 14. d7+ Ke7 15. Qh6 Bxf2+ 16. Kd1 Nb4 17. Bd2 Nxd3 18. cxd3 Rad8 19. Bc3 Rxd7 20. Kc2 Rc8 21. Rhf1 Qa6 22. Qxh7 Qa4+ 23. Kd2 Qf4+ 24. Kc2 Qa4+ 25. Kd2 Qf4+ 26. Kc2 Qa4+ 1/2-1/2

[Event "RUS-ch Rapid 2021"]
[Site "Sochi"]
[Date "2021.10.12"]
[Round "5.13"]
[White "Bryakin, Mikhail"]
[Black "Kezin, Roman"]
[Result "1-0"]
[ECO "E04"]
[WhiteElo "2498"]
[BlackElo "2492"]
[Annotator "ChessBase"]
[PlyCount "91"]
[EventDate "2021.10.12"]
[EventType "swiss"]
[EventCountry "RUS"]
[SourceTitle "playchess.com"]
[Source "ChessBase"]
[SourceQuality "1"]
[TimeControl "900+10"]

1. d4 d5 2. c4 e6 3. Nf3 Nf6 4. g3 dxc4 5. Bg2 c6 6. Ne5 Bb4+ 7. Bd2 Be7 8. e3 b5 9. b3 cxb3 10. axb3 Bb7 11. O-O O-O 12. Nc3 a6 13. Ne4 Nxe4 14. Bxe4 Bd6 15. Ba5 Qe7 16. Nd3 Nd7 17. Rc1 Rac8 18. f4 Nf6 19. Bg2 c5 20. Bxb7 Qxb7 21. dxc5 Be7 22. Qf3 Qxf3 23. Rxf3 Bd8 24. Be1 Ne4 25. b4 Bf6 26. Nf2 Nxf2 27. Rxf2 Rfd8 28. Ra2 Rc6 29. Kf2 Rd3 30. Ke2 Rb3 31. Rd1 Kf8 32. Rd7 g6 33. Bd2 Rb2 34. Rxb2 Bxb2 35. Ra7 h5 36. Kd3 Kg7 37. Bc3+ Bxc3 38. Kxc3 Kf6 39. Kd4 Kg7 40. Ke5 Kf8 41. Kf6 e5+ 42. Kxe5 Re6+ 43. Kd4 f5 44. Kd5 Re4 45. c6 Rc4 46. Kd6 1-0

[Event "RUS-ch Rapid 2021"]
[Site "Sochi"]
[Date "2021.10.12"]
[Round "5.14"]
[White "Gochelashvili, David"]
[Black "Afanasiev, Nikita"]
[Result "1/2-1/2"]
[ECO "B07"]
[WhiteElo "2400"]
[BlackElo "2560"]
[Annotator "ChessBase"]
[PlyCount "91"]
[EventDate "2021.10.12"]
[EventType "swiss"]
[EventCountry "RUS"]
[SourceTitle "playchess.com"]
[Source "ChessBase"]
[SourceQuality "1"]
[TimeControl "900+10"]

1. e4 d6 2. d4 Nf6 3. Nc3 e5 4. Nge2 c6 5. a4 Be7 6. g3 Bg4 7. Bg2 O-O 8. h3 Bxe2 9. Nxe2 exd4 10. Nxd4 Qa5+ 11. Qd2 Qxd2+ 12. Bxd2 Re8 13.
O-O-O Bf8 14. Rhe1 Nbd7 15. a5 Nc5 16. f3 a6 17. Bg5 Ncd7 18.
Nf5 Re6 19. c4 g6 20. Nd4 Re5 21. Bd2 Rae8 22. g4 R5e7 23. Kc2 Bg7 24. Bc3 Nc5 25. b3 Ne6 26. Nxe6 Rxe6 27. Rd2 Bh6 28. Rdd1 Bf4 29. h4 h6 30. Bh3 g5 31. hxg5 hxg5 32. Rh1 Nd7 33. Bf1 Kf8 34. b4 Ke7 35.
Be2 Be5 36. Bd2 Rg6 37. Be3 Rh8 38. Rxh8 Bxh8 39. Rh1 Be5 40. c5 Bf4 41. Bd4 Be5 42. Be3 Bf4 43. Bd4 Be5 44. Be3 Bf4 45. Bd4 Be5 46. Bf2 1/2-1/2

[Event "RUS-ch Rapid 2021"]
[Site "Sochi"]
[Date "2021.10.12"]
[Round "5.15"]
[White "Iljiushenok, Ilia"]
[Black "Makarian, Rudik"]
[Result "1-0"]
[ECO "B90"]
[WhiteElo "2554"]
[BlackElo "2470"]
[Annotator "ChessBase"]
[PlyCount "45"]
[EventDate "2021.10.12"]
[EventType "swiss"]
[EventCountry "RUS"]
[SourceTitle "playchess.com"]
[Source "ChessBase"]
[SourceQuality "1"]
[TimeControl "900+10"]

1. e4 c5 2. Nf3 d6 3. d4 cxd4 4. Nxd4 Nf6 5. Nc3 a6 6. Rg1 h5 7. Bg5 Nbd7 8. Qd2 b5 9. Bd3 Bb7 10. O-O-O Nc5 11. Rge1 e6 12. Nd5 Rc8 13. Kb1 Nxd3 14. Qxd3 exd5 15. exd5+ Kd7 16. a4 Qb6 17. axb5 Nxd5 18. c4 Nb4 19. Qb3 Qc5 20. bxa6 Bxa6 21. Qa4+ Kc7 22. Bd2 Rb8 23. Bxb4 1-0

[Event "RUS-ch Rapid 2021"]
[Site "Sochi"]
[Date "2021.10.12"]
[Round "5.16"]
[White "Klukin, Kirill"]
[Black "Khanin, Semen"]
[Result "1/2-1/2"]
[ECO "D05"]
[WhiteElo "2346"]
[BlackElo "2521"]
[Annotator "ChessBase"]
[PlyCount "89"]
[EventDate "2021.10.12"]
[EventType "swiss"]
[EventCountry "RUS"]
[SourceTitle "playchess.com"]
[Source "ChessBase"]
[SourceQuality "1"]
[TimeControl "900+10"]

1. d4 Nf6 2. Nf3 e6 3. e3 c5 4. Bd3 d5 5. b3 Be7 6. Bb2 O-O 7. O-O b6 8. Nbd2 Bb7 9. Qe2 Nbd7 10. Ne5 Qc7 11. f4 Ne4 12. Nxd7 Qxd7 13. Nxe4 dxe4 14. Bc4 Bf6 15. Rad1 Qe7 16. f5 exf5 17. Rxf5 cxd4 18. Bxd4 Bxd4 19. Rxd4 Kh8 20. Qd2 Bc6 21. Bd5 Bxd5 22. Rfxd5 f5 23. Rd7 Qg5 24. R4d5 a5 25. a4 h5 26. h3 Rf6 27. Qf2 h4 28. Re7 Raf8 29. Qf4 Qxf4 30. exf4 Rc8 31. c4 Rcc6 32. Ree5 Rcd6 33. Rxd6 Rxd6 34. Rxf5 Rd2 35. Re5 Rb2 36. Rb5 e3 37. Kf1 Rf2+ 38. Ke1 Rxg2 39. Rxb6 Rh2 40. Ra6 Rxh3 41. Rxa5 g6 42. c5 Rh1+ 43. Ke2 Rc1 44. Ra8+ Kg7 45. Ra7+ 1/2-1/2

[Event "RUS-ch Rapid 2021"]
[Site "Sochi"]
[Date "2021.10.12"]
[Round "5.17"]
[White "Demidov, Mikhail"]
[Black "Usmanov, Vasily"]
[Result "1-0"]
[ECO "E11"]
[WhiteElo "2551"]
[BlackElo "2447"]
[Annotator "ChessBase"]
[PlyCount "53"]
[EventDate "2021.10.12"]
[EventType "swiss"]
[EventCountry "RUS"]
[SourceTitle "playchess.com"]
[Source "ChessBase"]
[SourceQuality "1"]
[TimeControl "900+10"]

1. d4 d5 2. Nf3 Nf6 3. Bf4 Nh5 4. Bd2 Nf6 5. c4 e6 6. Nc3 Be7 7. e3 O-O 8. Bd3 dxc4 9. Bxc4 c5 10. O-O a6 11. dxc5 Bxc5 12. Qc2 Qe7 13. e4 b5 14. Bd3 e5 15. a4 b4 16. Nd5 Nxd5 17. exd5 h6 18.
Nxe5 Bb7 19. Rae1 Rc8 20. Bh7+ Kh8 21. Ng6+ fxg6 22. Rxe7 Bxe7 23. Qxg6 Bxd5 24. Qh5 Kxh7 25. Qf5+ Kh8 26.
Qxc8+ Bg8 27. Qb7 1-0

[Event "RUS-ch Rapid 2021"]
[Site "Sochi"]
[Date "2021.10.12"]
[Round "5.19"]
[White "Savchenko, Boris"]
[Black "Gutenev, Alexander"]
[Result "1/2-1/2"]
[ECO "B68"]
[WhiteElo "2535"]
[BlackElo "2455"]
[Annotator "ChessBase"]
[PlyCount "52"]
[EventDate "2021.10.12"]
[EventType "swiss"]
[EventCountry "RUS"]
[SourceTitle "playchess.com"]
[Source "ChessBase"]
[SourceQuality "1"]
[TimeControl "900+10"]

1. e4 c5 2. Nf3 Nc6 3. d4 cxd4 4. Nxd4 Nf6 5. Nc3 d6 6. Bg5 e6 7. Qd2 a6 8. O-O-O Bd7 9. f4 Be7 10. Nb3 b5 11. a3 Qb6 12. e5 Ng4 13.
Bxe7 Nxe7 14. Qxd6 Bc6 15. Rd2 Nf2 16. Rg1 Nd3+ 17. Bxd3 Qxg1+ 18. Rd1 Qe3+ 19. Kb1 Rd8 20. Qc7 Rd7 21. Qb8+ Rd8 22. Qc7 Rd7 23. Qb8+ Rd8 24. Qc7 Rd7 25. Qb8+ Rd8 26. Qc7 Rd7 1/2-1/2

[Event "RUS-ch Rapid 2021"]
[Site "Sochi"]
[Date "2021.10.12"]
[Round "5.20"]
[White "Yatzenko, Anton"]
[Black "Rozum, Ivan"]
[Result "0-1"]
[ECO "A48"]
[WhiteElo "2370"]
[BlackElo "2529"]
[Annotator "ChessBase"]
[PlyCount "84"]
[EventDate "2021.10.12"]
[EventType "swiss"]
[EventCountry "RUS"]
[SourceTitle "playchess.com"]
[Source "ChessBase"]
[SourceQuality "1"]
[TimeControl "900+10"]

1. d4 Nf6 2. Nf3 g6 3. Bg5 Bg7 4. Nbd2 O-O 5. c3 c5 6. Bxf6 Bxf6 7. Ne4 cxd4 8. Nxf6+ exf6 9. Nxd4 d5 10. g3 Nc6 11. Bg2 Bg4 12. h3 Be6 13. O-O Qd7 14. Nxe6 fxe6 15. Qa4 Rfd8 16. Rad1 a6 17. c4 b5 18. cxb5 axb5 19. Qb3 Ne5 20. a3 Rac8 21. Kh2 Kg7 22. Rd4 Rc4 23.
Rfd1 Rdc8 24. R4d2 Qa7 25. f4 Nc6 26. e4 Na5 27. Qf3 d4 28.
e5 fxe5 29. fxe5 Rf8 30. Qg4 Nb3 31. Rd3 h5 32. Qg5 Rc2 33.
Kg1 Rff2 34. Be4 Qf7 35. Rf3 Rxf3 36. Bxc2 Nc5 37. b4 d3 38. bxc5 dxc2 39. Rc1 Qd7 40. Kg2 Qd5 41. Kg1 Qxc5+ 42. Kh1 Rf2 0-1

[Event "RUS-ch Rapid 2021"]
[Site "Sochi"]
[Date "2021.10.12"]
[Round "5.21"]
[White "Khegay, Dmitriy"]
[Black "Pershin, Denis"]
[Result "1-0"]
[ECO "D02"]
[WhiteElo "2521"]
[BlackElo "2388"]
[Annotator "ChessBase"]
[PlyCount "77"]
[EventDate "2021.10.12"]
[EventType "swiss"]
[EventCountry "RUS"]
[SourceTitle "playchess.com"]
[Source "ChessBase"]
[SourceQuality "1"]
[TimeControl "900+10"]

1. d4 d5 2. Bf4 Nf6 3. e3 e6 4. Nf3 c5 5. Nbd2 Nc6 6. c3 Nh5 7. Bg5 Qb6 8. dxc5 Bxc5 9. b4 Be7 10. b5 h6 11. Bh4 g5 12. bxc6 gxh4 13.
Rb1 Qc7 14. cxb7 Bxb7 15. Nd4 Nf6 16. Qb3 Rb8 17. Nc6 O-O 18.
Nxb8 Rxb8 19. Ba6 Nd7 20. Bxb7 Nc5 21. Qc2 Nxb7 22. O-O Rc8 23. Qa4 Nd6 24. Rfc1 Bf6 25. Qf4 Kg7 26. c4 Bg5 27. Qd4+ Bf6 28. Qg4+ Kh7 29. c5 Nf5 30. e4 Rg8 31. Qf3 h3 32. g3 dxe4 33.
Nxe4 Bd4 34. Nd6 Nxd6 35. cxd6 Qxd6 36. Rb7 Rg5 37. Rxf7+ Kg6 38. Rf4 h5 39. Qe4+ 1-0

[Event "RUS-ch Rapid 2021"]
[Site "Sochi"]
[Date "2021.10.12"]
[Round "5.22"]
[White "Gogolev, Artem"]
[Black "Potapov, Pavel"]
[Result "1/2-1/2"]
[ECO "A88"]
[WhiteElo "2296"]
[BlackElo "2481"]
[Annotator "ChessBase"]
[PlyCount "81"]
[EventDate "2021.10.12"]
[EventType "swiss"]
[EventCountry "RUS"]
[SourceTitle "playchess.com"]
[Source "ChessBase"]
[SourceQuality "1"]
[TimeControl "900+10"]

1. d4 f5 2. c4 Nf6 3. Nf3 g6 4. g3 Bg7 5. Bg2 d6 6. O-O O-O 7. Nc3 c6 8. d5 e5 9. dxe6 Bxe6 10. Qd3 Re8 11. Ng5 Na6 12. Nxe6 Rxe6 13. Qc2 Qe7 14. Rb1 Nc5 15. b4 Nce4 16. Nxe4 Nxe4 17. Bb2 Re8 18. Bxg7 Qxg7 19. Rb3 h5 20. Rd1 Qf6 21. e3 h4 22. b5 R8e7 23. bxc6 bxc6 24. Rb8+ Kg7 25. Qb2 Qxb2 26. Rxb2 Kf6 27. Bxe4 fxe4 28. gxh4 Ke5 29. Rbd2 Rh7 30. Rd4 Rf6 31. R1d2 Rb7 32. Kg2 Rh7 33. Kg1 Rb7 34. Kg2 Rh7 35. Kg1 Rb7 36. Kg2 Rb1 37. h3 Rb7 38. Kg3 Rf3+ 39. Kg2 Rf6 40.
Kg3 Rf3+ 41. Kg2 1/2-1/2

[Event "RUS-ch Rapid 2021"]
[Site "Sochi"]
[Date "2021.10.12"]
[Round "5.23"]
[White "Murzin, Volodar"]
[Black "Truskavetsky, Alexandr"]
[Result "1-0"]
[ECO "B31"]
[WhiteElo "2513"]
[BlackElo "2371"]
[Annotator "ChessBase"]
[PlyCount "65"]
[EventDate "2021.10.12"]
[EventType "swiss"]
[EventCountry "RUS"]
[SourceTitle "playchess.com"]
[Source "ChessBase"]
[SourceQuality "1"]
[TimeControl "900+10"]

1. e4 c5 2. Nf3 Nc6 3. Bb5 g6 4. Bxc6 dxc6 5. d3 Bg7 6. h3 Nf6 7. Nc3 Nd7 8. O-O e5 9. Be3 Qe7 10. a4 Nf8 11. a5 Ne6 12. Nd2 O-O 13.
Re1 Nd4 14. Na4 Rb8 15. c3 Ne6 16. Nc4 Rd8 17. Qe2 Nf4 18.
Bxf4 exf4 19. e5 Be6 20. Nd6 Rxd6 21. exd6 Qxd6 22. c4 Rd8 23. Nc3 Bd4 24. a6 b6 25. Qf3 Rb8 26. Re4 b5 27. cxb5 cxb5 28.
Ra5 Qd7 29. Qxf4 Rb6 30. Rxd4 cxd4 31. Ne4 Bf5 32. Nc5 Qd5 33. b4 1-0

[Event "RUS-ch Rapid 2021"]
[Site "Sochi"]
[Date "2021.10.12"]
[Round "5.24"]
[White "Kukhmazov, Arsen"]
[Black "Romanov, Kirill"]
[Result "1-0"]
[ECO "A70"]
[WhiteElo "2472"]
[BlackElo "2023"]
[Annotator "ChessBase"]
[PlyCount "55"]
[EventDate "2021.10.12"]
[EventType "swiss"]
[EventCountry "RUS"]
[SourceTitle "playchess.com"]
[Source "ChessBase"]
[SourceQuality "1"]
[TimeControl "900+10"]

1. d4 Nf6 2. c4 c5 3. d5 e6 4. Nc3 exd5 5. cxd5 d6 6. Nf3 g6 7. Bf4 Bg7 8.
Qa4+ Bd7 9. Qb3 Qc7 10. e4 O-O 11. Nd2 Re8 12. Be2 Ng4 13.
Bxg4 Bxc3 14. Qxc3 Bxg4 15. Qg3 Bd7 16. O-O Bb5 17. Bxd6 Qb6 18.
Rfe1 Nd7 19. e5 Rac8 20. Ne4 Bc4 21. Qh3 Bxd5 22. Qxd7 Bxe4 23. Rxe4 Rcd8 24. Qa4 Qxb2 25. Rae1 b5 26. Qxa7 Rxd6 27. exd6 Rxe4 28. Qa8+ 1-0

[Event "RUS-ch Rapid 2021"]
[Site "Sochi"]
[Date "2021.10.13"]
[Round "6.1"]
[White "Sarana, Alexey"]
[Black "Tsydypov, Zhamsaran"]
[Result "1/2-1/2"]
[ECO "D37"]
[WhiteElo "2649"]
[BlackElo "2526"]
[Annotator "RC"]
[PlyCount "141"]
[EventDate "2021.10.12"]
[EventType "swiss"]
[EventCountry "RUS"]
[SourceTitle "playchess.com"]
[Source "ChessBase"]
[SourceQuality "1"]
[TimeControl "900+10"]

1. d4 d5 2. c4 e6 3. Nf3 Nf6 4. Nc3 Be7 5. Bf4 O-O 6. a3 Nbd7 7. Nb5 Ne8 8. e3 c6 9. Nc3 f5 10. h4 Nd6 11. c5 Ne4 12. Ng5 Nxg5 13.
hxg5 Bxg5 14. Qh5 h6 15. Bd3 Bxf4 16. exf4 Qf6 17. Ne2 b6 18. cxb6 axb6 19. Rc1 c5 20. Bb5 cxd4 21. Rxc8 Raxc8 22. Bxd7 d3 23. Bxc8 Rxc8 24. O-O dxe2 25. Qxe2 Qe7 26. Re1 Rc6 27. b4 Qd6 28. g3 d4 29. Rd1 Qd5 30. a4 Rc4 31. Qd2 Qf3 32. a5 Rxb4 33.
axb6 Qc3 34. b7 Qxd2 35. Rxd2 Rxb7 36. Rxd4 Kf7 37. Kg2 Kf6 38. Ra4 g5 39. fxg5+ hxg5 40. Ra6 Rb3 41. Rc6 Rd3 42. Ra6 Rd4 43. Kf3 Re4 44. Kg2 Re1 45. Kf3 g4+ 46. Kg2 Kg5 47. Ra8 e5 48. Rg8+ Kf6 49. Rf8+ Ke6 50. Kh2 Rd1 51. Kg2 Rd7 52. Ra8 Kd5 53. Ra1 Rc7 54. Rd1+ Ke6 55. Ra1 Rc2 56. Rd1 f4 57. gxf4 exf4 58. Kf1 Kf5 59. Ra1 Kg5 60. Ra8 Rc1+ 61. Kg2 f3+ 62. Kh2 Rf1 63. Rg8+ Kf5 64. Rf8+ Ke5 65. Re8+ Kd4 66. Kg3 Rg1+ 67. Kf4 Kd3 68. Re7 Kd2 69. Re3 g3 70. Rxf3 gxf2 71. Ke4 1/2-1/2

[Event "RUS-ch Rapid 2021"]
[Site "Sochi"]
[Date "2021.10.13"]
[Round "6.3"]
[White "Alekseev, Evgeny"]
[Black "Moiseenko, Vadim"]
[Result "1/2-1/2"]
[ECO "B67"]
[WhiteElo "2602"]
[BlackElo "2542"]
[Annotator "RC"]
[PlyCount "105"]
[EventDate "2021.10.12"]
[EventType "swiss"]
[EventCountry "RUS"]
[SourceTitle "playchess.com"]
[Source "ChessBase"]
[SourceQuality "1"]
[TimeControl "900+10"]

1. e4 c5 2. Nf3 Nc6 3. d4 cxd4 4. Nxd4 Nf6 5. Nc3 d6 6. Bg5 e6 7. Qd2 a6 8. O-O-O Bd7 9. f3 Be7 10. h4 h6 11. Be3 h5 12. Bg5 Rc8 13.
Kb1 Ne5 14. Bd3 b5 15. Nce2 Qb6 16. Nb3 O-O 17. Nf4 Nc4 18. Qe1 Rfe8 19. c3 a5 20. Bxf6 Bxf6 21. Nxh5 a4 22. Nxf6+ gxf6 23. Bxc4 bxc4 24. Qg3+ Kf8 25. Qxd6+ Qxd6 26. Rxd6 axb3 27. Rxd7 bxa2+ 28.
Kxa2 Rc5 29. Rhd1 Rb8 30. Rd8+ Rxd8 31. Rxd8+ Ke7 32. Rd4 Rc8 33. g4 f5 34. exf5 exf5 35. Rf4 fxg4 36. fxg4 f6 37. g5 fxg5 38. hxg5 Ke6 39. g6 Ke5 40. Rf7 Ra8+ 41. Kb1 Ra6 42. g7 Rg6 43. Ra7 Kd5 44. Ka2 Kc5 45. Ka3 Kb5 46. Ka2 Rg1 47. Rf7 Kc5 48. Rf5+ Kc6 49. Rf7 Kc5 50. Ra7 Kb6 51. Rd7 Kc6 52. Re7 Kd6 53. Rf7 1/2-1/2

[Event "RUS-ch Rapid 2021"]
[Site "Sochi"]
[Date "2021.10.13"]
[Round "6.6"]
[White "Riazantsev, Alexander"]
[Black "Murzin, Volodar"]
[Result "1-0"]
[ECO "B12"]
[WhiteElo "2634"]
[BlackElo "2513"]
[Annotator "RC"]
[PlyCount "57"]
[EventDate "2021.10.12"]
[EventType "swiss"]
[EventCountry "RUS"]
[SourceTitle "playchess.com"]
[Source "ChessBase"]
[SourceQuality "1"]
[TimeControl "900+10"]

1. e4 c6 2. d4 d5 3. e5 Bf5 4. h4 h5 5. Bd3 Bxd3 6. Qxd3 Qa5+ 7. Nd2 e6 8.
Ngf3 Nh6 9. O-O Nf5 10. Nb3 Qb5 11. Qd1 c5 12. a4 Qb6 13.
dxc5 Bxc5 14. Nxc5 Qxc5 15. c3 Nc6 16. Re1 O-O 17. Bg5 Qb6 18.
b4 Qc7 19. Rc1 f6 20. exf6 gxf6 21. Rxe6 fxg5 22. Qxd5 Kh8 23.
hxg5 Rad8 24. Qe4 Ncd4 25. Nxd4 Rxd4 26. Rh6+ Kg7 27. Qe6 Rd6 28. Qe5+ Kg8 29. Rh8+ 1-0

[Event "RUS-ch Rapid 2021"]
[Site "Sochi"]
[Date "2021.10.13"]
[Round "6.7"]
[White "Bologan, Victor"]
[Black "Kukhmazov, Arsen"]
[Result "1-0"]
[ECO "B12"]
[WhiteElo "2574"]
[BlackElo "2472"]
[Annotator "RC"]
[PlyCount "79"]
[EventDate "2021.10.12"]
[EventType "swiss"]
[EventCountry "RUS"]
[SourceTitle "playchess.com"]
[Source "ChessBase"]
[SourceQuality "1"]
[TimeControl "900+10"]

1. e4 c6 2. d4 d5 3. e5 Bf5 4. Nf3 e6 5. Nbd2 c5 6. dxc5 Bxc5 7. Nb3 Bb6 8.
Nfd4 Bg6 9. h4 h5 10. Bd3 Bxd3 11. Qxd3 Nc6 12. Bg5 Qc7 13. O-O-O Nxd4 14. Nxd4 Bxd4 15. Qxd4 Nh6 16. Kb1 Nf5 17. Qa4+ Qc6 18. Qa3 Rc8 19. Rd2 Qc5 20. Qb3 b5 21. f3 Qc4 22. Qa3 Qa4 23. Qxa4 bxa4 24. Rd3 Rc4 25. b3 axb3 26. axb3 Rd4 27. Rxd4 Nxd4 28. Rd1 Nc6 29. c4 d4 30. Kc2 O-O 31. Ra1 Rb8 32. Bd2 Rb7 33. f4 Kf8 34. Ra4 Ke8 35.
b4 Ne7 36. Be1 Nf5 37. Bf2 Kd7 38. Kd3 Kc6 39. Bxd4 Rd7 40. Ra6+ 1-0

[Event "RUS-ch Rapid 2021"]
[Site "Sochi"]
[Date "2021.10.13"]
[Round "6.8"]
[White "Ivlev, Aleksey"]
[Black "Iljiushenok, Ilia"]
[Result "0-1"]
[ECO "E04"]
[WhiteElo "2315"]
[BlackElo "2554"]
[Annotator "RC"]
[PlyCount "78"]
[EventDate "2021.10.12"]
[EventType "swiss"]
[EventCountry "RUS"]
[SourceTitle "playchess.com"]
[Source "ChessBase"]
[SourceQuality "1"]
[TimeControl "900+10"]

1. d4 Nf6 2. c4 e6 3. Nf3 d5 4. g3 Bb4+ 5. Nbd2 dxc4 6. Bg2 b5 7. O-O a5 8. a4 c6 9. Qc2 O-O 10. b3 c3 11. Nb1 bxa4 12. Rxa4 c5 13.
dxc5 Bb7 14. Nxc3 Nbd7 15. Rd1 Qe7 16. Ba3 Qxc5 17. Bb2 Rac8 18. Qd3 Nb6 19. Rxb4 axb4 20. Nb1 Be4 21. Qd2 Bxb1 22. Rxb1 Ne4 23. Qe1 Nc3 24. Rc1 Rfd8 25. Nd2 Qb5 26. Bf3 e5 27. Bg4 f5 28.
Bxf5 Nxe2+ 29. Kg2 Nxc1 30. Bxc8 Nd3 31. Be6+ Kh8 32. Qe4 Nxb2 33. Nf3 Rd1 34. Kh3 Nd3 35. Qf5 Qe8 36. Ng5 Qh5+ 37. Kg2 Ne1+ 38. Kf1 Nf3+ 39. Kg2 Rg1# 0-1

[Event "RUS-ch Rapid 2021"]
[Site "Sochi"]
[Date "2021.10.13"]
[Round "6.10"]
[White "Bocharov, Dmitry"]
[Black "Oganian, Miran"]
[Result "1-0"]
[ECO "B38"]
[WhiteElo "2517"]
[BlackElo "2441"]
[Annotator "RC"]
[PlyCount "91"]
[EventDate "2021.10.12"]
[EventType "swiss"]
[EventCountry "RUS"]
[SourceTitle "playchess.com"]
[Source "ChessBase"]
[SourceQuality "1"]
[TimeControl "900+10"]

1. e4 c5 2. Nf3 g6 3. c4 Bg7 4. d4 cxd4 5. Nxd4 Nc6 6. Nc2 Nf6 7. Nc3 O-O 8.
Be2 d6 9. O-O Bd7 10. Be3 Qa5 11. Bd2 Rfc8 12. Rc1 Qd8 13. b3 a6 14. Kh1 Qb6 15. f3 Be8 16. f4 a5 17. Be3 Qd8 18. Qd2 Nb4 19. Bf3 Nxc2 20.
Rxc2 Bc6 21. Rd1 Nd7 22. Qe2 Qe8 23. Nd5 Bxd5 24. Rxd5 Rc7 25. Rcd2 a4 26. g3 axb3 27. axb3 Ra3 28. R5d3 h5 29. e5 Kh7 30. exd6 exd6 31. Bf2 Qxe2 32. Rxe2 Nc5 33. Rxd6 Nxb3 34. Bd5 Na5 35. c5 h4 36. Kg2 Bf8 37. Rd8 Be7 38. Rxe7 Rxe7 39. Bd4 g5 40. f5 f6 41. Bxf6 Rg7 42. Bxg7 Kxg7 43. Rd6 hxg3 44. f6+ Kh7 45. f7 Kg7 46. Rd8 1-0